 Dungeon Crawl Stone Soup version 0.29.1-15-g9cfb28693d (webtiles) character file.

Game seed: 6713448441432535713

3390 Wiggles the Cleaver (level 9, -18/70 HPs)
             Began as a Minotaur Berserker on Mar 28, 2023.
             Was an Elder of Trog.
             Demolished by a two-headed ogre
             ... wielding a +0 giant club
              (19 damage)
             ... on level 7 of the Dungeon.
             The game lasted 00:10:33 (4975 turns).

Wiggles the Cleaver (Minotaur Berserker)            Turns: 4975, Time: 00:10:33

Health: -18/70     AC: 22    Str: 26    XL:     9   Next: 74%
Magic:  8/8        EV:  7    Int:  4    God:    Trog [****..]
Gold:   289        SH:  5    Dex: 10    Spells: 8/8 levels left

rFire   . . .      SeeInvis .   r - +1 broad axe (flame)
rCold   . . .      Faith    .   p - +0 buckler
rNeg    . . .      Spirit   .   j - +10 plate armour of Fun and Games {Will+}
rPois   .          Reflect  .   (helmet restricted)
rElec   .          Harm     .   A - +0 cloak {Will+}
rCorr   .          Rampage  .   (no gloves)
Will    ++...                   (no boots)
Stlth   ..........              t - amulet of regeneration
HPRegen 1.01/turn               (no ring)
MPRegen 0.11/turn               (no ring)

@: on berserk cooldown, slowed, very slow
A: horns 2, retaliatory headbutt
a: Renounce Religion, Berserk, Trog's Hand, Brothers in Arms


You were on level 7 of the Dungeon.
You worshipped Trog.
Trog was greatly pleased with you.
You visited 1 branch of the dungeon, and saw 7 of its levels.

You collected 289 gold pieces.

Inventory:

Hand Weapons
 r - a +1 broad axe of flaming (weapon)
Missiles
 e - 6 boomerangs (quivered)
Armour
 j - the +10 plate armour of Fun and Games (worn) {Will+}
   (You acquired it on level 6 of the Dungeon)

   Will:      It increases your willpower.
 p - a +0 buckler (worn)
 A - a +0 cloak of willpower (worn)
Jewellery
 m - a ring of magical power
 t - an amulet of regeneration (around neck)
Wands
 w - a wand of roots (32)
 y - a wand of flame (14)
Scrolls
 a - 2 scrolls of summoning {unknown}
 g - 6 scrolls of teleportation
 k - a scroll of fear
 q - a scroll of torment
 s - 2 scrolls of noise
 u - a scroll of blinking {unknown}
Potions
 b - 3 potions of curing {unknown}
 c - a potion of flight {unknown}
 d - 2 potions of resistance {unknown}
 f - a potion of might {unknown}
 h - a potion of cancellation {unknown}
 i - 3 potions of lignification {unknown}
 l - 2 potions of degeneration {unknown}
 n - 4 potions of heal wounds
 o - a potion of haste {unknown}
 E - a potion of berserk rage {unknown}
 F - a potion of brilliance {unknown}


   Skills:
 - Level 3.6 Fighting
 + Level 14.5 Axes
 + Level 4.3 Throwing
 - Level 2.4 Armour
 - Level 2.1 Dodging
 + Level 2.2 Stealth
 + Level 5.2 Shields


You had 8 spell levels left.
You didn't know any spells.
Your spell library was empty.

Dungeon Overview and Level Annotations

Branches:
Dungeon (7/15)             Temple (0/1) D:6

Altars:
Trog


Innate Abilities, Weirdness & Mutations

You have a pair of horns on your head.
You reflexively headbutt those who attack you in melee.


Message History

You hit the two-headed ogre. You burn the two-headed ogre.
You slash the phantom! You burn the phantom.
You destroy the phantom!
Trog accepts your kill. You block the troll's attack.
The troll claws you but does no damage. The troll claws you.
The howler monkey hoots and howls with incredible vigour!
The troll bites you but does no damage. The troll claws you but does no damage.
The troll claws you.
The two-headed ogre hits you but does no damage. x2
You hear a shout!
Your Shields skill increases to level 5!
You barely miss the troll. Your headbutt misses the troll.
The troll is almost dead.
You barely miss the orc. You slash the howler monkey!
You burn the howler monkey.
You kill the howler monkey!
Trog accepts your kill.
You barely miss the two-headed ogre.
The howler monkey hoots and howls with incredible vigour!
The troll bites you. The troll claws you but does no damage.
The troll claws you.
The two-headed ogre hits you with a +0 giant club!!
* * * LOW HITPOINT WARNING * * *
The two-headed ogre hits you with a +0 giant club!
* * * LOW HITPOINT WARNING * * *
You slice the troll!! You burn the troll.
You kill the troll!
Trog accepts your kill.
The troll leather armour is intact enough to wear.
You closely miss something. You slash the two-headed ogre!
You burn the two-headed ogre.
The howler monkey hits you but does no damage.
You closely miss the howler monkey.
You completely miss the two-headed ogre.
You barely miss something.
The two-headed ogre hits you with a +0 giant club!
* * * LOW HITPOINT WARNING * * *
The two-headed ogre hits you with a +0 giant club!!
You die...

##########...........
##..........
#..........
#.......<.. .
#....#.##.. ...
##)...# #
....###))#§.##.
#...O..#....#
..§.#oh@........
.....o........#.
......o.......#
....##......... #...
#.....##.# ...
......# .# .. .......
#......#.


You could see a two-headed ogre, a howler monkey and 3 orcs.

Vanquished Creatures
  Pikel (D:7)
  Joseph (D:7)
  A troll (D:7)
  Grinder (D:3)
  Duvessa (D:7)
  3 ice beasts (D:7)
  2 ogres
  2 centaurs (D:5)
  A phantom (D:7)
  3 necrophages (D:6)
  A bullfrog (D:7)
  4 scorpions
  Dowan (D:7)
  2 howler monkeys
  2 jellies
  Crazy Yiuf (D:4)
  7 hounds
  5 iguanas
  Terence (D:3)
  4 orc wizards (D:4)
  Robin (D:3)
  8 gnolls (D:4)
  3 adders
  An ufetubus (D:6)
  6 worms
  5 dart slugs
  13 orcs
  11 ball pythons
  2 endoplasms (D:1)
  3 giant cockroaches
  10 goblins
  11 hobgoblins
  5 quokkas
  2 bats
  4 frilled lizards
  4 kobolds
  5 rats
138 creatures vanquished.

Vanquished Creatures (others)
  4 fungi (D:4)
4 creatures vanquished.

Grand Total: 142 creatures vanquished

Notes
Turn   | Place    | Note
-------+----------+-------------------------------------------
     0 | D:1      | Wiggles the Minotaur Berserker began the quest for the Orb.
     0 | D:1      | Reached XP level 1. HP: 19/19 MP: 0/0
    88 | D:1      | Reached skill level 4 in Axes
   102 | D:1      | Reached XP level 2. HP: 11/26 MP: 1/1
   494 | D:1      | Found a faded altar of an unknown god.
   923 | D:2      | Reached XP level 3. HP: 28/31 MP: 2/2
  1006 | D:2      | Reached skill level 1 in Throwing
  1044 | D:2      | Reached skill level 5 in Axes
  1081 | D:2      | Reached ** piety under Trog
  1868 | D:3      | Reached XP level 4. HP: 30/39 MP: 3/3
  1946 | D:3      | Noticed Robin
  1962 | D:3      | Killed Robin
  2030 | D:3      | Noticed Terence
  2031 | D:3      | Noticed Grinder
  2037 | D:3      | Killed Terence
  2038 | D:3      | Reached skill level 6 in Axes
  2038 | D:3      | Reached XP level 5. HP: 45/45 MP: 4/4
  2041 | D:3      | Killed Grinder
  2042 | D:3      | Reached skill level 7 in Axes
  2042 | D:3      | Reached XP level 6. HP: 51/51 MP: 5/5
  2405 | D:4      | Reached skill level 1 in Stealth
  2518 | D:4      | Reached XP level 7. HP: 55/57 MP: 6/6
  2579 | D:4      | Reached *** piety under Trog
  2580 | D:4      | Reached skill level 8 in Axes
  3027 | D:4      | Reached skill level 9 in Axes
  3162 | D:4      | Found a runed translucent door.
  3163 | D:4      | Noticed Crazy Yiuf
  3172 | D:4      | Killed Crazy Yiuf
  3173 | D:4      | Reached skill level 1 in Shields
  3212 | D:5      | Entered Level 5 of the Dungeon
  3308 | D:5      | Reached XP level 8. HP: 54/64 MP: 7/7
  3315 | D:5      | Reached skill level 10 in Axes
  3474 | D:5      | Found a bloodstained altar of Trog.
  3644 | D:5      | Reached skill level 11 in Axes
  3891 | D:6      | Identified the +8 dagger "Fimn" {drain, Fragile Fly rC+}
  4134 | D:6      | Found a staircase to the Ecumenical Temple.
  4762 | D:6      | Identified 2 scrolls of acquirement
  4762 | D:6      | Acquired the +10 plate armour of Fun and Games {Will+}
  4775 | D:6      | Acquired a +1 vorpal broad axe
  4822 | D:7      | Noticed Dowan
  4827 | D:7      | Reached skill level 12 in Axes
  4830 | D:7      | Reached **** piety under Trog
  4839 | D:7      | Killed Dowan
  4868 | D:7      | Noticed Joseph
  4873 | D:7      | Reached XP level 9. HP: 50/70 MP: 8/8
  4878 | D:7      | Noticed Duvessa
  4880 | D:7      | Killed Joseph
  4885 | D:7      | Reached skill level 13 in Axes
  4890 | D:7      | Killed Duvessa
  4954 | D:7      | Noticed Pikel
  4961 | D:7      | Killed Pikel
  4962 | D:7      | Reached skill level 14 in Axes
  4966 | D:7      | Noticed a troll
  4966 | D:7      | Noticed a two-headed ogre
  4973 | D:7      | Reached skill level 5 in Shields
  4974 | D:7      | Killed a troll
  4975 | D:7      | HP: 1/70 [two-headed ogre/+0 giant club (8)]
  4975 | D:7      | Demolished by a two-headed ogre

Illustrated notes

Levels and vault maps discovered:
D:1:      minmay_arrival_radiant_lines, layout_rooms,
          shapermc_ecumenical_altar_venn, supply_closet_lemuel
D:2:      layout_rooms
D:3:      layout_rooms, uniq_robin, uniq_terence, uniq_grinder
D:4:      layout_loops_ring, grunt_decor_cap, minmay_misc_feat_rows,
          cheibrodos_gnoll_hut, uniq_crazy_yiuf_cottage
D:5:      layout_loops_ring, nicolae_overflow_crystal_walls,
          minmay_fractal_squares_5
D:6:      layout_cave_pods, minmay_temple_entry_trees
D:7:      layout_cave_pools, nicolae_gozag_seed_capital, minmay_manual_maat,
          uniq_joseph, uniq_pikel, uniq_duvessa

Skill      XL: |  1  2  3  4  5  6  7  8  9 |
---------------+----------------------------+-----
Axes           | 4 5 6 7 9 12 14 | 14.5
Throwing       | 2 3 4 |  4.3
Stealth        | 1 2 |  2.2
Shields        | 1 3 5 |  5.2
Fighting       | |  3.6
Armour         | |  2.4
Dodging        | |  2.1

Action                   |  1- 3 |  4- 6 |  7- 9 || total
-------------------------+-------+-------+-------++-------
Melee: Hand axe          |    83 |    76 |   209 ||   368
       Headbutt          |     8 |    20 |    55 ||    83
       Punch             |     2 |       |       ||     2
       Broad axe         |       |       |    41 ||    41
Throw: Boomerang         |    39 |       |       ||    39
Invok: Berserk           |       |     2 |     5 ||     7
  Use: Scroll            |       |       |    13 ||    13
Armor: Animal skin       |     5 |       |       ||     5
       Ring mail         |     5 |     4 |       ||     9
       Scale mail        |       |    12 |       ||    12
       Plate armour      |       |     3 |   155 ||   158
Dodge: Dodged            |    30 |    28 |    74 ||   132
Block: Buckler           |       |     4 |    47 ||    51
